HSSL
OCEANSIDE HS PIRATES @ SPANISH FORK HS
04/07/2027
 
TOP OF THE 1ST
Oceanside HS Pirates batting - Pitching for Spanish Fork HS : RHP Edward Rush
Pitching: RHP Edward Rush
Batting: RHB Henry Rose 0-0: Foul Ball, location: 2F
0-1: Swinging Strike
0-2: Strikes out swinging
Batting: LHB Frank Byrd 0-0: Ball
1-0: Called Strike
1-1: SINGLE (Line Drive, 4M)
Batting: LHB Ron Young 0-0: Swinging Strike
0-1: Foul Ball, location: 2F
0-2: Ground out 4-3 (Groundball, 4S)
Frank Byrd to second
Batting: RHB Heath Jones 0-0: Called Strike
0-1: Ball
1-1: Foul Ball, location: 2F
1-2: Ball
2-2: Ball
3-2: Base on Balls
Batting: RHB Norm Walker 0-0: Swinging Strike
0-1: Ball
1-1: Swinging Strike
1-2: Ball
2-2: Strikes out looking
Top of the 1st over - 0 run(s), 1 hit(s), 0 error(s), 2 left on base; Oceanside HS 0 - Spanish Fork HS 0
BOTTOM OF THE 1ST
Spanish Fork HS batting - Pitching for Oceanside HS Pirates : LHP Randy Leonard
Pitching: LHP Randy Leonard
Batting: RHB Steve Myers 0-0: Called Strike
0-1: Fly out, F1 (Line Drive, 13)
Batting: RHB Octávio Ramérez 0-0: Foul Ball, location: 2F
0-1: Ball
1-1: Foul Ball, location: 2F
1-2: Fly out, F2 (Popup, 23)
Batting: RHB Geoffrey Billings 0-0: Ball
1-0: Ball
2-0: Called Strike
2-1: Ground out 5-3 (Groundball, 56)
Bottom of the 1st over - 0 run(s), 0 hit(s), 0 error(s), 0 left on base; Oceanside HS 0 - Spanish Fork HS 0
TOP OF THE 2ND
Oceanside HS Pirates batting - Pitching for Spanish Fork HS : RHP Edward Rush
Batting: RHB Howard Brown 0-0: Called Strike
0-1: Ball
1-1: Foul Ball, location: 2F
1-2: Ball
2-2: Ball
3-2: Foul Ball, location: 2F
3-2: Fly out, F9 (Flyball, 89S)
Batting: RHB Luis Viña 0-0: Called Strike
0-1: Ball
1-1: Ground out 6-3 (Groundball, 6S)
Batting: RHB Pancho Rodríguez 0-0: Foul Ball, location: 2F
0-1: SINGLE (Line Drive, 8LS)
Batting: RHB Curt Brown 0-0: Called Strike
0-1: Ball
1-1: SINGLE (Groundball, 6D)
Pancho Rodríguez to second
Runner from 2nd tries for 3rd, SAFE, no throw
Batting: RHB Henry Rose 0-0: Foul Ball, location: 2F
0-1: Foul Ball, location: 2F
0-2: Strikes out swinging
Top of the 2nd over - 0 run(s), 2 hit(s), 0 error(s), 2 left on base; Oceanside HS 0 - Spanish Fork HS 0
BOTTOM OF THE 2ND
Spanish Fork HS batting - Pitching for Oceanside HS Pirates : LHP Randy Leonard
Batting: RHB River Sullivan 0-0: Ball
1-0: Foul Ball, location: 2F
1-1: Ball
2-1: Foul Ball, location: 2F
2-2: Foul Ball, location: 2F
2-2: Fly out, F9 (Flyball, 89M)
Batting: RHB David Brady 0-0: Foul Ball, location: 2F
0-1: Foul Ball, location: 2F
0-2: Ball
1-2: Ball
2-2: Foul Ball, location: 2F
2-2: Ground out 3-1 (Groundball, 34)
Batting: RHB Mike Hurt 0-0: Ball
1-0: Foul Ball, location: 2F
1-1: Ball
2-1: Swinging Strike
2-2: Strikes out swinging
Bottom of the 2nd over - 0 run(s), 0 hit(s), 0 error(s), 0 left on base; Oceanside HS 0 - Spanish Fork HS 0
TOP OF THE 3RD
Oceanside HS Pirates batting - Pitching for Spanish Fork HS : RHP Edward Rush
Batting: LHB Frank Byrd 0-0: Swinging Strike
0-1: Foul Ball, location: 2F
0-2: Ball
1-2: Foul Ball, location: 2F
1-2: Strikes out swinging
Batting: LHB Ron Young 0-0: Ball
1-0: Called Strike
1-1: Ball
2-1: Called Strike
2-2: Strikes out looking
Batting: RHB Heath Jones 0-0: Called Strike
0-1: Ball
1-1: Ball
2-1: Ball
3-1: Foul Ball, location: 2F
3-2: Foul Ball, location: 2F
3-2: Fly out, F9 (Flyball, 9)
Top of the 3rd over - 0 run(s), 0 hit(s), 0 error(s), 0 left on base; Oceanside HS 0 - Spanish Fork HS 0
BOTTOM OF THE 3RD
Spanish Fork HS batting - Pitching for Oceanside HS Pirates : LHP Randy Leonard
Batting: RHB Lou Kenner 0-0: Called Strike
0-1: Ground out 5-3 (Groundball, 56S)
Batting: RHB Billy Forbes 0-0: Ball
1-0: DOUBLE (Line Drive, 78D)
Batting: RHB Chester Mullins 0-0: Ball
1-0: Ball
2-0: Swinging Strike
2-1: Ball
3-1: Base on Balls
Batting: RHB Steve Myers 0-0: Ball
1-0: Ball
2-0: Called Strike
2-1: Fielders Choice at 2nd, 3-6 (Groundball, 34)
Billy Forbes to third
Batting: RHB Octávio Ramérez 0-0: Foul Ball, location: 2F
0-1: Foul Ball, location: 2F
0-2: Ball
1-2: Ball
2-2: Ball
3-2: SINGLE (Line Drive, 89S)
Billy Forbes scores
Steve Myers to second
Steve Myers to third
Batting: RHB Geoffrey Billings 0-0: Foul Ball, location: 2F
0-1: Swinging Strike
0-2: Strikes out swinging
Bottom of the 3rd over - 1 run(s), 2 hit(s), 0 error(s), 2 left on base; Oceanside HS 0 - Spanish Fork HS 1
TOP OF THE 4TH
Oceanside HS Pirates batting - Pitching for Spanish Fork HS : RHP Edward Rush
Batting: RHB Norm Walker 0-0: SINGLE (Groundball, 34S) (infield hit)
Batting: RHB Howard Brown 0-0: Ball
1-0: Ball
2-0: Swinging Strike
2-1: Foul Ball, location: 2F
2-2: Ball
3-2: Base on Balls
Norm Walker to second
Batting: RHB Luis Viña 0-0: Ball
1-0: SINGLE (Line Drive, 9LM)
Norm Walker to third
Howard Brown to second
Runner from 3rd tries for Home, SAFE, throw made home
Howard Brown to third
Luis Viña to second
Batting: RHB Pancho Rodríguez 0-0: Called Strike
0-1: SINGLE (Groundball, 6MD)
Howard Brown scores
Luis Viña to third
Runner from 3rd tries for Home, SAFE, no throw
Batting: RHB Curt Brown 0-0: Fly out, F4 (Popup, 4)
Batting: RHB Henry Rose 0-0: Called Strike
0-1: Foul Ball, location: 2F
0-2: Strikes out looking
Batting: LHB Frank Byrd 0-0: Ball
1-0: Called Strike
Pancho Rodríguez steals 2nd base
1-1: Ball
2-1: Ball
3-1: Ground out 5-3 (Groundball, 56S)
Top of the 4th over - 3 run(s), 3 hit(s), 0 error(s), 1 left on base; Oceanside HS 3 - Spanish Fork HS 1
BOTTOM OF THE 4TH
Spanish Fork HS batting - Pitching for Oceanside HS Pirates : LHP Randy Leonard
Batting: RHB River Sullivan 0-0: Ball
1-0: Ball
2-0: SOLO HOME RUN (Flyball, 7D), Distance : 368 ft
Batting: RHB David Brady 0-0: Called Strike
0-1: Foul Ball, location: 2F
0-2: Foul Ball, location: 2F
0-2: Ball
1-2: Ball
2-2: Foul Ball, location: 2F
2-2: Ball
3-2: Foul Ball, location: 2F
3-2: SINGLE (Groundball, 5D)
Batting: RHB Mike Hurt 0-0: Ball
1-0: Called Strike
1-1: Called Strike
1-2: Fly out, F7 (Line Drive, 7LD)
Batting: RHB Lou Kenner 0-0: Ball
1-0: Ball
2-0: Ball
Wild Pitch!
David Brady to second
3-0: Base on Balls
Batting: RHB Billy Forbes 0-0: Foul Ball, location: 2F
0-1: Foul Ball, location: 2F
0-2: Ball
1-2: Ball
2-2: Strikes out swinging
Batting: RHB Chester Mullins 0-0: Swinging Strike
0-1: Foul Ball, location: 2F
0-2: Ball
Error on foul ball, E9
1-2: Fly out, F9 (Flyball, 9)
Bottom of the 4th over - 1 run(s), 2 hit(s), 1 error(s), 2 left on base; Oceanside HS 3 - Spanish Fork HS 2
TOP OF THE 5TH
Oceanside HS Pirates batting - Pitching for Spanish Fork HS : RHP Edward Rush
Batting: LHB Ron Young 0-0: Ball
1-0: Ball
2-0: Called Strike
2-1: Foul Ball, location: 2F
2-2: Foul Ball, location: 2F
2-2: Hit by Pitch
Pitching: RHP Wade Sweeny
Batting: RHB Heath Jones 0-0: Ball
1-0: Fly out, F4 (Line Drive, 4)
Batting: RHB Norm Walker 0-0: Ball
1-0: Called Strike
1-1: Ball
2-1: Ball
3-1: Fly out, F9 (Flyball, 9LMF)
Batting: RHB Howard Brown 0-0: Called Strike
0-1: Ball
Ron Young steals 2nd base
1-1: Ball
2-1: Foul Ball, location: 2F
2-2: Ball
3-2: Ground out 6-3 (Groundball, 6)
Top of the 5th over - 0 run(s), 0 hit(s), 0 error(s), 1 left on base; Oceanside HS 3 - Spanish Fork HS 2
BOTTOM OF THE 5TH
Spanish Fork HS batting - Pitching for Oceanside HS Pirates : LHP Randy Leonard
Batting: RHB Steve Myers 0-0: Ball
1-0: Ball
2-0: Ball
3-0: Called Strike
3-1: Swinging Strike
3-2: Foul Ball, location: 2F
3-2: Foul Ball, location: 2F
3-2: Strikes out looking
Pitching: LHP Valentín García
Batting: RHB Octávio Ramérez 0-0: Called Strike
0-1: Reached on error, E7 (Flyball, 7S)
Batting: RHB Geoffrey Billings 0-0: Ball
1-0: Ball
2-0: Ball
3-0: Called Strike
3-1: Called Strike
3-2: Fly out, F7 (Flyball, 7D)
Batting: RHB River Sullivan 0-0: Ball
1-0: Foul Ball, location: 2F
1-1: Foul Ball, location: 2F
1-2: Foul Ball, location: 2F
1-2: Foul Ball, location: 2F
1-2: Ball
2-2: Fielders Choice at 2nd, 5-4 (Groundball, 56)
Bottom of the 5th over - 0 run(s), 0 hit(s), 1 error(s), 0 left on base; Oceanside HS 3 - Spanish Fork HS 2
TOP OF THE 6TH
Oceanside HS Pirates batting - Pitching for Spanish Fork HS : RHP Wade Sweeny
Batting: RHB Luis Viña 0-0: Foul Ball, location: 2F
0-1: Foul Ball, location: 2F
0-2: Ball
1-2: Strikes out swinging
Batting: RHB Pancho Rodríguez 0-0: Called Strike
0-1: Called Strike
0-2: Strikes out swinging
Batting: RHB Curt Brown 0-0: Ball
1-0: Ball
2-0: Ball
3-0: Base on Balls
Batting: RHB Henry Rose 0-0: Ball
1-0: Swinging Strike
1-1: Ball
2-1: Called Strike
2-2: Foul Ball, location: 2F
2-2: Ball
3-2: Base on Balls
Curt Brown to second
Batting: LHB Frank Byrd 0-0: Ground out U3 (Groundball, 3L)
Top of the 6th over - 0 run(s), 0 hit(s), 0 error(s), 2 left on base; Oceanside HS 3 - Spanish Fork HS 2
BOTTOM OF THE 6TH
Spanish Fork HS batting - Pitching for Oceanside HS Pirates : LHP Valentín García
Batting: RHB David Brady 0-0: Foul Ball, location: 2F
0-1: Called Strike
0-2: Ball
1-2: Ball
2-2: Strikes out looking
Batting: RHB Mike Hurt 0-0: Ball
1-0: Ball
2-0: SINGLE (Line Drive, 5)
Batting: RHB Lou Kenner 0-0: Foul Ball, location: 2F
0-1: Fly out, F9 (Flyball, 9S)
Batting: RHB Billy Forbes 0-0: Fielders Choice at 2nd, 4-6 (Groundball, 4)
Bottom of the 6th over - 0 run(s), 1 hit(s), 0 error(s), 0 left on base; Oceanside HS 3 - Spanish Fork HS 2
TOP OF THE 7TH
Oceanside HS Pirates batting - Pitching for Spanish Fork HS : RHP Wade Sweeny
Batting: LHB Ron Young 0-0: Called Strike
0-1: Foul Ball, location: 2F
0-2: Ball
1-2: SINGLE (Groundball, 34D)
Batting: RHB Heath Jones 0-0: Ball
1-0: SINGLE (Flyball, 89S)
Ron Young to second
Runner from 2nd tries for 3rd, SAFE, throw made to third
Batting: RHB Norm Walker 0-0: Ball
1-0: Called Strike
1-1: Foul Ball, location: 2F
1-2: Ball
2-2: Ball
3-2: Strikes out swinging
Batting: RHB Howard Brown 0-0: Ball
1-0: Ball
2-0: SINGLE (Groundball, 6MD)
Ron Young scores
Heath Jones to second
Runner from 2nd tries for 3rd, SAFE, throw made to third
Batting: RHB Luis Viña 0-0: Ball
1-0: Swinging Strike
1-1: Swinging Strike
1-2: Ball
2-2: Foul Ball, location: 2F
2-2: Foul Ball, location: 2F
2-2: Ball
3-2: Base on Balls
Howard Brown to second
Pinch Hitting: SHB Jerry Young 0-0: Ball
1-0: Swinging Strike
1-1: Foul Ball, location: 2F
1-2: SINGLE (Groundball, 4MD)
Heath Jones scores
Howard Brown to third
Luis Viña to second
Pitching: RHP Jason Lawson
Batting: RHB Curt Brown 0-0: Called Strike
0-1: Fly out, F8 (Flyball, 8RM)
Runner from 3rd tags up, SCORES, throw made
Batting: RHB Henry Rose 0-0: Called Strike
0-1: Ball
1-1: Ball
2-1: Swinging Strike
2-2: Fielders Choice at 2nd, 5-4 (Groundball, 56)
Top of the 7th over - 3 run(s), 4 hit(s), 0 error(s), 1 left on base; Oceanside HS 6 - Spanish Fork HS 2
BOTTOM OF THE 7TH
Spanish Fork HS batting - Pitching for Oceanside HS Pirates : LHP Valentín García
Now at SS: Jerry Young
Batting: RHB Chester Mullins 0-0: Called Strike
0-1: Ground out 5-3 (Groundball, 5)
Batting: RHB Steve Myers 0-0: Ball
1-0: Fly out, F9 (Flyball, 9S)
Batting: RHB Octávio Ramérez 0-0: Ball
1-0: Foul Ball, location: 2F
1-1: Swinging Strike
1-2: Ball
2-2: Strikes out looking
Bottom of the 7th over - 0 run(s), 0 hit(s), 0 error(s), 0 left on base; Oceanside HS 6 - Spanish Fork HS 2
TOP OF THE 8TH
Oceanside HS Pirates batting - Pitching for Spanish Fork HS : RHP Jason Lawson
Batting: LHB Frank Byrd 0-0: Ball
1-0: Foul Ball, location: 2F
1-1: Called Strike
1-2: Foul Ball, location: 2F
1-2: Ball
2-2: Ball
3-2: Fly out, F7 (Flyball, 78D)
Batting: LHB Ron Young 0-0: Ball
1-0: Swinging Strike
1-1: Ball
2-1: Ball
3-1: Swinging Strike
3-2: Strikes out swinging
Batting: RHB Heath Jones 0-0: Ball
1-0: Called Strike
1-1: Foul Ball, location: 2F
1-2: Foul Ball, location: 2F
1-2: Hit by Pitch
Batting: RHB Norm Walker 0-0: Called Strike
0-1: Ball
1-1: Ball
2-1: Called Strike
2-2: Ball
Passed Ball!
Heath Jones to second
3-2: Strikes out swinging
Top of the 8th over - 0 run(s), 0 hit(s), 0 error(s), 1 left on base; Oceanside HS 6 - Spanish Fork HS 2
BOTTOM OF THE 8TH
Spanish Fork HS batting - Pitching for Oceanside HS Pirates : LHP Valentín García
Batting: RHB Geoffrey Billings 0-0: Called Strike
0-1: Foul Ball, location: 2F
0-2: Ball
1-2: Foul Ball, location: 2F
1-2: Ball
2-2: Foul Ball, location: 2F
2-2: Ball
3-2: SINGLE (Flyball, 89M) - OUT at second base trying to stretch hit.
Batting: RHB River Sullivan 0-0: Ball
1-0: Called Strike
1-1: Ball
2-1: Called Strike
2-2: Foul Ball, location: 2F
2-2: Ball
3-2: Base on Balls
Batting: RHB David Brady 0-0: Foul Ball, location: 2F
0-1: Foul Ball, location: 2F
0-2: Foul Ball, location: 2F
0-2: Ball
1-2: Ball
2-2: Foul Ball, location: 2F
2-2: Foul Ball, location: 2F
2-2: Ball
3-2: Foul Ball, location: 2F
3-2: SINGLE (Groundball, 34D)
River Sullivan to second
Runner from 2nd tries for 3rd, SAFE, no throw
Pitching: RHP Ben Phillips
Batting: RHB Mike Hurt 0-0: Foul Ball, location: 2F
0-1: Ball
1-1: Ball
2-1: Ball
3-1: Fly out, F8 (Flyball, 78M)
Runner from 3rd tags up, SCORES, no throw
Batting: RHB Lou Kenner 0-0: Foul Ball, location: 2F
0-1: Fly out, F9 (Flyball, 89D)
Bottom of the 8th over - 1 run(s), 2 hit(s), 0 error(s), 1 left on base; Oceanside HS 6 - Spanish Fork HS 3
TOP OF THE 9TH
Oceanside HS Pirates batting - Pitching for Spanish Fork HS : RHP Jason Lawson
Pitching: RHP Stan Townsend
Batting: RHB Howard Brown 0-0: Swinging Strike
0-1: Ball
1-1: Foul Ball, location: 2F
1-2: Ball
2-2: Foul Ball, location: 2F
2-2: Foul Ball, location: 2F
2-2: Ball
3-2: Foul Ball, location: 2F
3-2: Fly out, F9 (Flyball, 9S)
Batting: RHB Luis Viña 0-0: Called Strike
0-1: Ball
1-1: SINGLE (Groundball, 4MD)
Batting: SHB Jerry Young 0-0: Ball
1-0: Ball
2-0: Called Strike
2-1: Ball
3-1: Foul Ball, location: 2F
3-2: Ground out 4-3 (Groundball, 34D)
Luis Viña to second
Batting: RHB Curt Brown 0-0: Ball
1-0: Foul Ball, location: 2F
1-1: Ground out 6-3 (Groundball, 6)
Top of the 9th over - 0 run(s), 1 hit(s), 0 error(s), 1 left on base; Oceanside HS 6 - Spanish Fork HS 3
BOTTOM OF THE 9TH
Spanish Fork HS batting - Pitching for Oceanside HS Pirates : RHP Ben Phillips
Pitching: RHP Harley Sandberg
Batting: RHB Billy Forbes 0-0: Foul Ball, location: 2F
0-1: Swinging Strike
0-2: Ball
1-2: Strikes out swinging
Batting: RHB Chester Mullins 0-0: Ball
1-0: Ball
2-0: Ball
3-0: Called Strike
3-1: Base on Balls
Batting: RHB Steve Myers 0-0: Called Strike
0-1: Swinging Strike
0-2: Strikes out swinging
Batting: RHB Octávio Ramérez 0-0: Ball
1-0: Ball
2-0: Ball
3-0: Called Strike
3-1: Foul Ball, location: 2F
3-2: Base on Balls
Chester Mullins to second
Batting: RHB Geoffrey Billings 0-0: Called Strike
0-1: Ball
1-1: Foul Ball, location: 2F
1-2: Ball
2-2: Strikes out swinging
Bottom of the 9th over - 0 run(s), 0 hit(s), 0 error(s), 2 left on base; Oceanside HS 6 - Spanish Fork HS 3
Thursday, March 30th, 2017 - OOTP Baseball 17.12 Build 75